 Dungeon Crawl Stone Soup version 0.31-a0-365-gcf821cafb2 (webtiles) character file.

Game seed: 195516046316746743

56 CraigForest the Ruffian (level 3, -3/23 HPs)
             Began as an Octopode Shapeshifter on July 27, 2023.
             Slain by a +1 spectral club (10 damage)
             ... created by Robin
             ... on level 2 of the Dungeon.
             The game lasted 00:06:48 (827 turns).

CraigForest the Ruffian (Octopode Shapeshifter)      Turns: 827, Time: 00:06:49

Health: -3/23      AC:  1    Str: 16    XL:     3   Next: 97%
Magic:  3/3        EV: 13    Int: 10    God:
Gold:   16         SH:  0    Dex: 12    Spells: 2/2 levels left

rFire   . .          .
                       - Unarmed
rCold   . . .        (no shield)
rNeg    . . .        (helmet currently unavailable)
rPois   .            (no amulet)
rElec   .            (no ring)
rCorr   .            (no ring)
SInv    .            (no ring)
Will    .....        (no ring)
Stlth   +++          (no ring)
HPRegen 0.23/turn    (no ring)
MPRegen 0.08/turn    (no ring)
                     (no ring)

%: no passive effects
@: beast-form
A: beast (slay +2), almost no armour, amphibious, 8 rings, camouflage 1,
gelatinous body 1, (nimble swimmer 1), tentacles
a: Begin Untransformation


You were on level 2 of the Dungeon.
You were a hulking beast.
You visited 1 branch of the dungeon, and saw 2 of its levels.

You collected 16 gold pieces.

Inventory:

Hand Weapons
 c - a +0 short sword
Missiles
 h - 2 javelins
Talismans
 b - a beast talisman
Scrolls
 f - a scroll of silence {unknown}
 g - a scroll of teleportation {unknown}
 i - a scroll of poison {unknown}
Potions
 a - 2 potions of lignification
 d - a potion of enlightenment {unknown}
 e - 3 potions of heal wounds {unknown}


   Skills:
 + Level 1.0 Fighting
 + Level 2.2 Dodging
 + Level 1.2 Stealth
 + Level 4.0 Unarmed Combat
 + Level 3.4 Shapeshifting


You had 2 spell levels left.
You didn't know any spells.
Your spell library was empty.

Dungeon Overview and Level Annotations

Branches:
Dungeon (2/15)

Altars:

Annotations:
D:2 Robin


Innate Abilities, Weirdness & Mutations

You are a hulking beast.
Your limbs bulge with bestial killing power. (Slay +2)
You cannot wear most types of armour.
You are amphibious.
You can wear up to eight rings at the same time.
Your skin changes colour to match your surroundings (Stealth+).
Your rubbery body absorbs attacks. (AC +1, EV +1)
((You are camouflaged when in or above water. (Stealth+)))
You have tentacles for arms and can constrict up to eight enemies at once.


Message History

Things that are here:
a +0 dagger; a ball python corpse; a goblin corpse A hobgoblin comes into view.
Found a stone staircase leading down.
A hobgoblin comes into view.
The hobgoblin shouts!
A hobgoblin comes into view.
Robin roars a battlecry!
The goblins go into a battle-frenzy!
The hobgoblin shouts!
The goblin shouts!
Robin throws the goblin at you! The hobgoblin attacks as you move away!
The hobgoblin completely misses you.
You closely miss the goblin. Your grab misses the goblin.
You bludgeon the goblin!
You kill the goblin!
You closely miss the hobgoblin. Your grab misses the hobgoblin.
The hobgoblin barely misses you.
You tentacle-slap the hobgoblin. Your grab misses the hobgoblin.
You squeeze the hobgoblin.
You kill the hobgoblin!
You tentacle-slap the hobgoblin.
You kill the hobgoblin!
Your Unarmed Combat skill increases to level 4!
A goblin comes into view. It is wielding a +0 dagger.
Robin hits you with a +1 spectral club.
The +1 spectral club closely misses you.
A +1 spectral club comes into view.
Things that are here:
a +0 club; a hobgoblin corpse You barely miss Robin.
The goblin shouts!
The hobgoblin shouts!
The goblin shouts!
You grab Robin. You constrict Robin, but do no damage. Robin barely misses you.
The +1 spectral club hits you!
You tentacle-slap Robin. You squeeze Robin, but do no damage.
Robin is heavily wounded.
You constrict Robin.
The goblin no longer looks unusually strong.
The +1 spectral club hits you. The +1 spectral club hits you!
You die...

gg.# #..# #..# #g.# #.g#
##.g# ######...### ####
#####...##g#...###
....###..(...).h(......#
#...#...##).)##.###.#.#
.........)#####.# .# #
.$$#...#.# #.# # ##.##.#
#.# #.##.# #.. #.##.#
### #....# # ####.#


You could see a +1 spectral club, Robin, a hobgoblin (strong) and 2 goblins.

Vanquished Creatures
  A dart slug (D:1)
  6 ball pythons
  3 endoplasms (D:1)
  4 giant cockroaches (D:1)
  10 goblins
  5 hobgoblins
  2 jackals (D:1)
  2 kobolds (D:1)
  2 quokkas (D:1)
  5 bats (D:1)
  3 frilled lizards (D:1)
  3 rats (D:1)
46 creatures vanquished.

Notes
Turn   | Place    | Note
-------+----------+-------------------------------------------
     0 | D:1      | CraigForest the Octopode Shapeshifter began the quest for
                  | the Orb.
     0 | D:1      | Reached XP level 1. HP: 13/13 MP: 1/1
   126 | D:1      | Reached XP level 2. HP: 14/18 MP: 2/2
   405 | D:1      | Reached XP level 3. HP: 17/23 MP: 3/3
   783 | D:2      | Noticed Robin
   795 | D:2      | Reached skill level 1 in Stealth
   825 | D:2      | Reached skill level 4 in Unarmed Combat
   827 | D:2      | Slain by a +1 spectral club

Illustrated notes

Levels and vault maps discovered:
D:1:      psy_arrival_heroes, layout_loops_ring
D:2:      layout_loops_ring, chequers_mini_garden, uniq_jessica, uniq_robin

Skill      XL: |  1  2  3 |
---------------+----------+-----
Stealth        | 1 |  1.2
Unarmed Combat | 4 |  4.0
Fighting       | |  1.0
Dodging        | |  2.2
Shapeshifting  | |  3.4

Action                     || total
---------------------------++-------
  Melee: Unarmed           ||    74
         Constrict         ||    21
         Punch             ||     2
         Tentacles         ||    11
   Stab: Sleeping          ||    11
 Armour: Skin              ||     5
  Dodge: Dodged            ||    32

Table legend: (Time is in decaauts)
 A = Elapsed time spent in this place.
 B = Non-inter-level travel time spent in this place.
 C = Inter-level travel time spent in this place.
 D = Time resting spent in this place.
 E = Time spent auto-exploring this place.
 F = Levels seen in this place.
 G = Mean time per level.
                   A        B        C        D        E       F      G
               +--------+--------+--------+--------+--------+-----+--------+
         Total |    821 |    690 |    131 |      0 |    364 |   2 |  410.5 |
       Dungeon |    821 |    690 |    131 |      0 |    364 |   2 |  410.5 |
               +--------+--------+--------+--------+--------+-----+--------+

Top non-repeatable levels by time:
     D:1: 747 daAuts
     D:2: 74 daAuts
